Map: King Sejong Station LE

Players

blackxored - Winner!

  • Race: Zerg Zerg
  • League: Diamond

cartman

  • Race: Terran Terran
  • League: Platinum

VOD

Have the link to the VOD?

Description

Time

  • Played on: July 1, 2016, 9:01 p.m.
  • Length: 9:20
Show
View Real Time Build Order
Export as new Build Order

blackxored Zerg - Winner!

Build Orders: Hatch First, Zergling Baneling 

Get SALT Encoding   

  12  0:01  Drone  
  13  0:08  Drone  
  14  0:19  Overlord  
  14  0:22  Extractor  
  14  0:23  Drone  
  15  0:39  Drone  
  15  0:40  Drone  
  17  0:54  Hatchery  
  17  0:57  Drone  
  17  1:00  Drone  
  18  1:12  Extractor  
  18  1:16  Spawning Pool  
  18  1:18  Drone  
  17  1:21  Drone  
  18  1:27  Drone  
  19  1:38  Overlord  
  19  1:49  Drone  
  20  2:03  Queen  
  20  2:04  Zergling x2  
  20  2:05  Queen  
  20  2:06  Zergling x2  
  26  2:12  Zergling x2  
  26  2:14  Metabolic Boost  
  27  2:32  Hatchery  
  27  2:36  Drone x2  
  28  2:39  Drone  
  29  2:45  Overlord  
  29  2:56  Pneumatized Carapace  
  29  3:08  Zergling x10  
  29  3:09  Zergling x2  
  35  3:20  Overlord  
  35  3:26  Drone  
  36  3:27  Baneling Nest  
  36  3:29  Drone  
  36  3:39  Queen  
  38  3:50  Spore Crawler  
  38  3:52  Spore Crawler, Drone x2  
  38  3:54  Spore Crawler  
  37  3:56  Drone  
  37  4:02  Spore Crawler  
  37  4:07  Spore Crawler  
  36  4:20  Spore Crawler  
  35  4:35  Baneling x9  
  33  4:51  Spore Crawler  
  32  4:56  Zergling x16  
  35  5:23  Zergling x14  
  42  5:35  Spore Crawler  
  41  5:37  Spore Crawler  
  41  5:38  Zergling x4  
  36  5:46  Zergling x4  
  37  5:54  Baneling x2  
  37  5:55  Baneling x3  
  29  6:21  Zergling x12  
  31  6:38  Lair  
  31  6:48  Baneling x4  
  31  6:56  Extractor, Drone x2  
  31  6:57  Drone  
  31  6:59  Drone  
  31  7:00  Drone  
  33  7:33  Zergling x12  
  33  7:34  Zergling x4  
  41  7:44  Spire  
  39  7:48  Zergling x4  
  38  8:14  Zergling x2  
  38  8:15  Zergling x8  
  43  9:00  Overlord  
Show
View Real Time Build Order
Export as new Build Order

cartman Terran 

Build Orders: 1/1/1, Banshee Rush 

Get SALT Encoding   

  12  0:01  SCV  
  13  0:14  SCV  
  13  0:18  Supply Depot  
  14  0:26  Refinery  
  14  0:30  SCV  
  15  0:42  Barracks  
  15  0:46  SCV  
  16  0:53  Refinery  
  16  0:59  SCV  
  17  1:12  SCV  
  18  1:25  SCV  
  19  1:32  Factory  
  19  1:37  Barracks Tech Lab  
  19  1:41  Orbital Command  
  19  1:50  Supply Depot  
  19  2:03  Barracks Tech Lab  
  19  2:07  SCV  
  20  2:16  Starport  
  20  2:20  SCV  
  21  2:26  Starport  
  21  2:33  SCV  
  21  2:36  Widow Mine  
  24  2:46  SCV  
  25  2:52  Cloaking Field  
  25  3:04  Supply Depot  
  25  3:09  Banshee x2  
  31  3:33  Factory Tech Lab  
  31  3:35  Command Center  
  31  3:40  SCV  
  32  3:52  Banshee  
  32  3:53  Banshee  
  38  3:58  Supply Depot, SCV  
  39  4:14  Factory  
  39  4:20  SCV  
  39  4:21  Supply Depot  
  40  4:47  SCV  
  41  5:04  Widow Mine  
  41  5:08  SCV  
  40  5:25  Supply Depot  
  40  5:27  Orbital Command  
  37  5:30  Banshee x2  
  17  6:21  SCV  
  17  6:22  SCV  
  19  6:34  SCV x2  
  21  6:46  SCV  
  22  6:53  SCV  
  23  7:05  SCV  
  21  7:18  SCV  
  18  7:28  SCV  
  17  7:53  Orbital Command  
Tags
 
Add a new tag
Caveats
  • Supply blocks, unpowered buildings, or Contaminate may cause inaccurate times.
  • Supply counts are checked every 10 seconds.